 Dungeon Crawl Stone Soup version 0.25-a0-109-ge9c0e85935 (webtiles) character file.

Game seed: 11077705889284074366, levelgen mode: deterministic

96925 vurker the Severer (level 16, -7/132 HPs)
             Began as a Formicid Abyssal Knight on Nov 18, 2019.
             Was an Elder of Lugonu.
             Mangled by an orc knight
             ... wielding a +0 battleaxe
              (19 damage)
             ... on level 14 of the Dungeon.
             The game lasted 00:58:50 (40226 turns).

vurker the Severer (Formicid Abyssal Knight)       Turns: 40226, Time: 00:58:51

Health: -7/132     AC: 18    Str: 21    XL:     16   Next: 68%
Magic:  26/26      EV:  8    Int: 15    God:    Lugonu [****..]
Gold:   1471       SH: 11    Dex: 10    Spells: 15/15 levels left

rFire    . . .     SeeInvis +   a - +0 battleaxe
rCold    . . .     Gourm    +   E - +0 shield
rNeg     . . .     Faith    .   k - +0 plate armour
rPois    +         Spirit   .   (helmet unavailable)
rElec    +         Reflect  .   M - +0 cloak of Marbles {rElec rPois rF- MR+}
rCorr    .         Harm     .   c - +0 pair of gloves
MR       +++..                  N - +0 pair of boots {Fly}
Stlth    ..........             u - amulet of the gourmand
HPRegen  0.32/turn              F - ring of protection from magic
MPRegen  0.20/turn              I - ring of protection from fire

@: flying
A: permanent stasis, dig shafts and tunnels, four strong arms, antennae 3
a: Dig, Shaft Self, Depart the Abyss, Bend Space, Banish, Corrupt, Renounce
Religion, Stop Flying


You were on level 14 of the Dungeon.
You worshipped Lugonu.
Lugonu was greatly pleased with you.
You were completely stuffed.

You visited 3 branches of the dungeon, and saw 22 of its levels.
You visited the Abyss 1 time.

You collected 2061 gold pieces.
You spent 590 gold pieces at shops.

Inventory:

Hand Weapons
 a - a +0 battleaxe (weapon)
   (You took it off a naga on level 3 of the Lair of Beasts)
 b - a +2 war axe of flaming
   (You took it off an orc on level 3 of the Dungeon)
Missiles
 m - 2 throwing nets (quivered)
Armour
 c - a +0 pair of gloves (worn)
   (You found it on level 1 of the Dungeon)
 k - a +0 plate armour (worn)
   (You found it on level 4 of the Dungeon)
 y - a +2 cloak of magic resistance
   (You acquired it on level 6 of the Lair of Beasts)
 E - a +0 shield (worn)
   (You found it on level 2 of the Lair of Beasts)
 M - the +0 cloak of Marbles (worn) {rElec rPois rF- MR+}
   (You bought it in a shop on level 13 of the Dungeon)

   It makes you vulnerable to fire.
   It insulates you from electricity.
   It protects you from poison.
   It affects your resistance to hostile enchantments.
 N - a +0 pair of boots of flying (worn)
   (You bought it in a shop on level 13 of the Dungeon)
Jewellery
 q - an uncursed ring of flight
   (You found it on level 11 of the Dungeon)
 u - an amulet of the gourmand (around neck)
   (You found it on level 7 of the Dungeon)
 F - a ring of protection from magic (left hand)
   (You found it on level 12 of the Dungeon)
 G - an uncursed ring of protection from magic
   (You found it on level 5 of the Lair of Beasts)
 I - a ring of protection from fire (right hand)
   (You found it on level 5 of the Lair of Beasts)
Wands
 s - a wand of scattershot (3)
   (You found it on level 6 of the Dungeon)
 t - a wand of flame (13)
   (You took it off a goblin on level 2 of the Dungeon)
 v - a wand of digging (16)
   (You found it on level 9 of the Dungeon)
 x - a wand of acid (8)
   (You found it on level 6 of the Dungeon)
 D - a wand of clouds (4)
   (You found it on level 8 of the Dungeon)
 H - a wand of polymorph (23)
   (You found it on level 5 of the Lair of Beasts)
Scrolls
 f - 7 scrolls of enchant weapon
 g - a scroll of immolation
 j - a scroll of summoning
 p - 9 scrolls of remove curse
 A - 2 scrolls of identify
 C - 2 scrolls of fog
Potions
 d - 5 potions of agility
 h - 2 potions of brilliance
 i - 8 potions of might
 l - 4 potions of flight
 n - a potion of magic
 o - a potion of resistance
 w - 2 potions of ambrosia
 z - 2 potions of curing
 B - a potion of mutation
 J - 2 potions of cancellation
 K - a potion of lignification
Miscellaneous
 L - a phantom mirror
Comestibles
 e - 40 rations


   Skills:
 + Level 13.7 Fighting
 * Level 16.8 Axes
 - Level 8.5 Armour
 - Level 5.0 Dodging
 + Level 8.3 Shields
 + Level 14.5 Invocations
 - Level 5.0 Evocations


You had 15 spell levels left.
You didn't know any spells.
Your spell library contained the following spells:

 Spells                   Type           Power        Failure   Level  Hunger
 Apportation              Tloc           #.....       99%         1    ##.....
 Confusing Touch          Hex            #.....       99%         1    ##.....
 Freeze                   Ice            #...         99%         1    ##.....
 Summon Butterflies       Summ           #.......     99%         1    ##.....
 Throw Frost              Conj/Ice       #.....       100%        2    ###....
 Call Canine Familiar     Summ           #.......     100%        3    ####...
 Confuse                  Hex            #.......     100%        3    ####...
 Gell's Gravitas          Tloc           #.........   100%        3    ####...
 Lesser Beckoning         Tloc           #.........   100%        3    ####...
 Ozocubu's Armour         Chrm/Ice       #.......     100%        3    ####...
 Tukima's Dance           Hex            #.......     100%        3    ####...
 Cause Fear               Hex            #.........   100%        4    #####..
 Petrify                  Tmut/Erth      #.......     100%        4    #####..
 Summon Ice Beast         Ice/Summ       #.......     100%        4    #####..
 Throw Icicle             Conj/Ice       #.......     100%        4    #####..
 Alistair's Intoxication  Tmut/Pois      #.......     100%        5    ######.
 Bolt of Magma            Conj/Fire/Erth #.........   100%        5    ######.
 Iskenderun's Battlesphe  Conj/Chrm      #.......     100%        5    ######.
 Metabolic Englaciation   Hex/Ice        #.........   100%        5    ######.
 Silence                  Hex/Air        #.........   100%        5    ######.
 Summon Mana Viper        Hex/Summ       #.......     100%        5    ######.
 Venom Bolt               Conj/Pois      #.........   100%        5    ######.
 Yara's Violent Unravell  Hex/Tmut       #.........   100%        5    ######.
 Deflect Missiles         Chrm/Air       #.........   100%        6    #######
 Invisibility             Hex            #.......     100%        6    #######
 Iron Shot                Conj/Erth      #.........   100%        6    #######
 Orb of Destruction       Conj           #.........   100%        7    #######
 Spellforged Servitor     Conj/Summ      #.........   100%        7    #######
 Summon Hydra             Summ           #.........   100%        7    #######
 Discord                  Hex            #.........   100%        8    #######


Dungeon Overview and Level Annotations

Branches:
Dungeon (14/15)            Temple (0/1) D:7            Lair (6/6) D:10
  Swamp (0/4) Lair:4        Snake (0/4) Lair:3        Slime (0/5) Lair:6
    Orc (2/2) D:11            Elf (0/3) Orc:2
 Vaults: D:13-14

Altars:
Ashenzari
Fedhas
Yredelemnul
Beogh

Shops:
D:13 [   Orc:2 :[(*

Annotations:
D:6 1 runed translucent door, Lanoc's ghost, novice DsHu
D:7 exclusion: oklob sapling
D:8 2 runed translucent doors, Amnesiac's ghost, novice VSEE
Lair:1 exclusion: oklob plant
Lair:2 exclusion: oklob plant
Abyss:1 Josephine


Innate Abilities, Weirdness & Mutations

You cannot be hasted, slowed, berserked, paralysed or teleported.
You can dig through walls and to a lower floor.
Your four strong arms can wield two-handed weapons with a shield.
You have a pair of large antennae on your head. (SInv)


Message History

The vault guard explodes!
The fiery explosion engulfs you!!
* * * LOW HITPOINT WARNING * * *
The fiery explosion engulfs the two-headed ogre!!!
The fiery explosion engulfs the orc knight!
The orc knight resists.
The fiery explosion engulfs the wyvern skeleton!!
Lugonu accepts your kill.
You are engulfed in blazing flames.
The wyvern skeleton is engulfed in blazing flames.
The two-headed ogre is engulfed in blazing flames.
The two-headed ogre explodes!
The fiery explosion engulfs the wyvern skeleton!!
The wyvern skeleton explodes!
The fiery explosion engulfs you!!
* * * LOW HITPOINT WARNING * * *
The fiery explosion engulfs the orc knight!
The orc knight resists.
Lugonu accepts your kill.
The fiery explosion engulfs the hippogriff!!
The fiery explosion engulfs the orc knight!
The orc knight resists.
The fiery explosion engulfs the vault guard!!
Lugonu accepts your kill.
The orc knight is engulfed in blazing flames.
The hippogriff is engulfed in blazing flames.
The hippogriff explodes!
The fiery explosion engulfs the vault guard!
The fiery explosion engulfs the vault guard!!
The fiery explosion engulfs the shadow imp!!
The shadow imp explodes!
The fiery explosion engulfs the vault guard!!
Lugonu accepts your kill. x2
The vault guard is engulfed in blazing flames.
The orc knight is engulfed in blazing flames.
The vault guard is engulfed in blazing flames. x2
The vault guard explodes!
The fiery explosion engulfs the vault guard!!
The vault guard explodes!
Lugonu accepts your kill. x2
Okay, then.
You feel better.
The orc knight is engulfed in blazing flames.
The orc knight hits you with a +0 battleaxe!
* * * LOW HITPOINT WARNING * * *
Aim: an orc knight, wielding a +0 battleaxe and wearing a +0 plate armour of fire resistance (flame, heavily wounded, inner flame)
The bolt of acid misses the orc knight.
The orc knight is engulfed in blazing flames.
The orc knight hits you with a +0 battleaxe!!
You die...

#.#.# #.# #.#.# ...
.*.##.%{ #####{{{ .{
..##{.# .# #.##{{#
.##
#.####.##§§##..##
#.[...@o§§§§§...#
######)##§#§#....#
#.##{#.#....'.h
#.#.{.......#.p
#.######)#........##
#
.................##
########........##
###>.......#
#...........#


You could see an orc knight (inner flame).

Vanquished Creatures
  Kirke (Lair:4)
  An orc warlord (Orc:2)
  4 vault guards (D:14)
  3 catoblepae (Lair:6)
  A centaur warrior (D:14)
  6 hydras
  Erica (D:9)
  A tengu warrior (D:14)
  5 two-headed ogres
  6 death yaks (Lair:6)
  Urug (Lair:6)
  An unseen horror (D:13)
  A flayed ghost (D:13)
  2 orc knights
  2 wolf spider zombies (D:14)
  A salamander (shapeshifter) (D:13)
  3 elephants (Lair:4)
  An orc sorcerer (Orc:2)
  3 manticores
  Maurice (Orc:2)
  A black mamba (Lair:6)
  Psyche (D:9)
  8 spiny frogs
  2 gargoyles (D:12)
  6 komodo dragons
  A queen bee (Lair:4)
  8 trolls
  A tengu conjurer (D:13)
  A polar bear (Lair:5)
  16 blink frogs
  A polar bear (shapeshifter) (D:13)
  7 slime creatures
  2 hornets (D:8)
  8 hippogriffs
  2 shadows (D:13)
  55 yaks
  4 wraiths
  Grum (D:11)
  4 wyverns
  8 basilisks
  7 hogs
  4 hungry ghosts
  6 vampire mosquitoes (D:13)
  Menkaure (D:7)
  5 wargs
  5 nagas (Lair:3)
  7 water moccasins
  9 porcupines
  6 sky beasts
  7 ice beasts
  A black bear (D:10)
  30 orc warriors
  9 wolves
  2 eyes of draining
  4 phantoms
  A necrophage (D:9)
  11 ogres
  9 centaurs
  5 crocodiles
  3 big kobolds
  13 bullfrogs
  A water moccasin zombie (D:6)
  A wyvern skeleton (D:14)
  A scorpion (D:9)
  25 killer bees
  2 howler monkeys (D:4)
  9 electric eels
  5 crimson imps
  A hound (D:2)
  3 quasits
  3 bullfrog zombies
  9 jellies
  15 orc priests
  3 bullfrog skeletons
  22 orc wizards
  3 centaur skeletons
  4 iguanas
  Natasha (thrice) (D:2)
  6 worker ants
  6 ogre zombies (D:11)
  A howler monkey zombie (D:8)
  12 gnolls
  12 adders
  A river rat (D:3)
  4 shadow imps
  13 oozes
  2 adder skeletons (D:4)
  An adder zombie (D:5)
  4 worms
  A dart slug (D:1)
  11 leopard geckos
  76 orcs
  2 ball pythons (D:4)
  7 bats
  5 giant cockroaches
  10 goblins
  9 hobgoblins
  12 jackals
  5 quokkas
  2 frilled lizards
  A goblin skeleton (D:11)
  A goblin zombie (D:11)
  2 hobgoblin zombies (D:11)
  A jackal skeleton (D:4)
  20 kobolds
  A leopard gecko zombie (D:6)
  3 orc skeletons (D:11)
  12 orc zombies (D:11)
  2 quokka skeletons (D:4)
  A quokka zombie (D:5)
  9 rats
  A bush (Lair:3)
  7 fungi
  A plant (Lair:3)
701 creatures vanquished.

Vanquished Creatures (others)
  A hydra (Lair:4)
  3 two-headed ogres
  An orc high priest (Orc:2)
  3 orc knights (Orc:2)
  An ugly thing (D:11)
  An orc sorcerer (Orc:2)
  A cyclops (Orc:2)
  A spiny frog (Lair:1)
  A komodo dragon (D:11)
  3 meliai (Lair:4)
  3 trolls
  2 hornets (D:8)
  3 blink frogs (Lair:3)
  A basilisk (Lair:1)
  A water moccasin (Lair:5)
  2 porcupines (Lair:5)
  2 orc warriors
  A wolf (D:10)
  A crocodile (Lair:3)
  5 killer bees
  An orc priest (D:12)
  An orc wizard (D:12)
  2 orcs (D:12)
  3 bushes
  31 fungi
  17 plants
  2 withered plants (D:6)
94 creatures vanquished.

Grand Total: 795 creatures vanquished

Notes
Turn   | Place    | Note
-------+----------+-------------------------------------------
     0 | Abyss:1  | vurker the Formicid Abyssal Knight began the quest for the
                  | Orb.
     0 | Abyss:1  | Reached XP level 1. HP: 18/18 MP: 2/2
    82 | Abyss:1  | Noticed a neqoxec
    91 | Abyss:1  | Noticed a crimson imp
    94 | Abyss:1  | Noticed a large abomination
   101 | D:1      | Escaped the Abyss
   116 | D:1      | Noticed a centaur
   116 | D:1      | Noticed an octopode
   118 | D:1      | Noticed a demigod
   120 | D:1      | Noticed a naga
   120 | D:1      | Noticed a minotaur
   122 | D:1      | Noticed a dwarf
   122 | D:1      | Noticed a spriggan
   124 | D:1      | Noticed a merfolk
   124 | D:1      | Noticed a felid
   126 | D:1      | Noticed a draconian
   126 | D:1      | Noticed a ghoul
   128 | D:1      | Noticed a vine stalker
   130 | D:1      | Noticed an ogre
   130 | D:1      | Noticed a vampire
   132 | D:1      | Noticed a tengu
   132 | D:1      | Noticed a troll
   134 | D:1      | Noticed an elf
   136 | D:1      | Noticed a demonspawn
   136 | D:1      | Noticed a halfling
   138 | D:1      | Noticed a gargoyle
   138 | D:1      | Noticed a formicid
   140 | D:1      | Noticed a human
   184 | D:1      | Reached * piety under Lugonu
   492 | D:1      | Reached XP level 2. HP: 24/24 MP: 3/3
   682 | D:1      | Reached XP level 3. HP: 29/29 MP: 4/4
  1038 | D:2      | Noticed Natasha
  1046 | D:2      | Killed Natasha
  1046 | D:2      | Reached skill level 3 in Axes
  1046 | D:2      | Reached XP level 4. HP: 21/37 MP: 6/6
  1366 | D:2      | Noticed Natasha
  1384 | D:2      | Killed Natasha
  1435 | D:2      | Reached XP level 5. HP: 9/42 MP: 7/7
  1610 | D:2      | Noticed Natasha
  1618 | D:2      | Killed Natasha
  1618 | D:2      | Reached skill level 4 in Axes
  2071 | D:2      | Reached ** piety under Lugonu
  2686 | D:2      | Found a blossoming altar of Fedhas.
  2915 | D:3      | Reached XP level 6. HP: 32/49 MP: 8/8
  3912 | D:3      | Reached *** piety under Lugonu
  4262 | D:3      | Found a basalt altar of Yredelemnul.
  5151 | D:4      | Reached skill level 5 in Axes
  5506 | D:4      | Reached XP level 7. HP: 55/55 MP: 10/10
  5648 | D:4      | Reached skill level 5 in Fighting
  5875 | D:5      | Entered Level 5 of the Dungeon
  6047 | D:5      | Reached skill level 5 in Invocations
  6148 | D:5      | Reached skill level 6 in Axes
  6213 | D:5      | Reached XP level 8. HP: 62/63 MP: 11/11
  6246 | D:5      | Reached **** piety under Lugonu
  6313 | D:5      | Found a basalt altar of Yredelemnul.
  6909 | D:6      | Found a runed translucent door.
  6909 | D:6      | Noticed Lanoc's ghost (novice DsHu)
  6981 | D:6      | Reached skill level 7 in Axes
  7615 | D:6      | Reached XP level 9. HP: 66/71 MP: 11/13
  8199 | D:7      | Reached skill level 8 in Axes
  8318 | D:7      | Found a staircase to the Ecumenical Temple.
  8380 | D:7      | Noticed Menkaure
  8382 | D:7      | Killed Menkaure
  8841 | D:7      | Reached skill level 9 in Axes
  9334 | D:8      | Found a large runed translucent door.
  9334 | D:8      | Found a large runed translucent door.
  9337 | D:8      | Noticed Amnesiac's ghost (novice VSEE)
  9348 | D:8      | Noticed a two-headed ogre
  9352 | D:8      | Banished a two-headed ogre
  9352 | D:8      | Reached XP level 10. HP: 80/80 MP: 10/16
  9645 | D:8      | Reached skill level 10 in Axes
 10187 | D:9      | Noticed Erica
 10206 | D:9      | Killed Erica
 10328 | D:9      | Noticed Psyche
 10336 | D:9      | Killed Psyche
 10888 | D:9      | Reached skill level 11 in Axes
 11021 | D:9      | Reached XP level 11. HP: 86/89 MP: 18/18
 11405 | D:10     | Entered Level 10 of the Dungeon
 11897 | D:10     | Reached skill level 10 in Invocations
 12339 | D:10     | Found a staircase to the Lair.
 12394 | D:10     | Noticed a two-headed ogre
 12399 | D:10     | Banished a two-headed ogre
 12399 | D:10     | Reached skill level 12 in Axes
 12889 | D:10     | Got a fine ring mail
 13192 | D:10     | Identified the +1 ring mail of Defiance {rF+ rN+ rCorr}
                  | (You found it on level 10 of the Dungeon)
 13228 | D:11     | Noticed Josephine
 13235 | D:11     | Banished Josephine
 13235 | D:11     | Reached skill level 10 in Fighting
 13252 | D:11     | Noticed Grum
 13255 | D:10     | HP: 1/90 [wraith[Josephine] (8)]
 13928 | D:11     | Killed Grum
 14167 | D:11     | Noticed a red ugly thing
 14169 | D:11     | Banished a red ugly thing
 14169 | D:11     | Reached XP level 12. HP: 47/98 MP: 19/20
 14676 | D:11     | Found a staircase to the Orcish Mines.
 15237 | Lair:1   | Entered Level 1 of the Lair of Beasts
 15237 | Lair:1   | Noticed a four-headed hydra
 15246 | Lair:1   | Killed a one-headed hydra
 15246 | Lair:1   | Reached skill level 13 in Axes
 15246 | Lair:1   | Reached skill level 1 in Evocations
 15763 | Lair:1   | Found a blossoming altar of Fedhas.
 18947 | Lair:3   | Reached XP level 13. HP: 106/106 MP: 22/22
 19528 | Lair:3   | Noticed a seven-headed hydra
 19551 | Lair:3   | Killed a two-headed hydra
 19551 | Lair:3   | Reached skill level 14 in Axes
 20135 | Lair:3   | Reached skill level 5 in Evocations
 20783 | Lair:3   | Found a staircase to the Snake Pit.
 21117 | Lair:4   | Reached skill level 1 in Dodging
 21162 | Lair:4   | Noticed a seven-headed hydra
 21174 | Lair:4   | Killed a two-headed hydra
 21174 | Lair:4   | Reached skill level 1 in Shields
 21210 | Lair:4   | Noticed an eight-headed hydra
 21216 | Lair:4   | Banished an eight-headed hydra
 22327 | Lair:4   | Found a staircase to the Swamp.
 22332 | Lair:4   | Noticed Kirke
 23216 | Lair:4   | Killed Kirke
 23636 | Lair:4   | You fall into a shaft and drop 2 floors!
 23636 | Lair:6   | Entered Level 6 of the Lair of Beasts
 24486 | Lair:5   | Reached XP level 14. HP: 109/115 MP: 23/23
 24550 | Lair:4   | Reached skill level 15 in Axes
 28159 | Lair:6   | Noticed Urug
 28182 | Lair:6   | Killed Urug
 28383 | Lair:6   | Identified a scroll of acquirement
 28556 | Lair:6   | Found a staircase to the Slime Pits.
 28671 | Lair:6   | Reached XP level 15. HP: 122/122 MP: 24/24
 29535 | Lair:6   | Reached skill level 5 in Shields
 30971 | Orc:1    | Entered Level 1 of the Orcish Mines
 31264 | Orc:2    | Entered Level 2 of the Orcish Mines
 31264 | Orc:2    | Found a staircase to the Elven Halls.
 31264 | Orc:2    | Noticed Maurice
 31271 | Orc:2    | Killed Maurice
 32617 | Orc:2    | Found a roughly hewn altar of Beogh.
 33054 | Orc:2    | Noticed an orc warlord
 33655 | Orc:1    | Reached skill level 5 in Dodging
 34597 | Orc:2    | Reached skill level 16 in Axes
 34597 | Orc:2    | Reached XP level 16. HP: 47/130 MP: 26/26
 34941 | Orc:2    | Found a roughly hewn altar of Beogh.
 35345 | Orc:2    | Found Makoi's General Store.
 35362 | Orc:2    | Found Oxzumm's Antique Armour Boutique.
 35534 | Orc:2    | Found Befag's Book Boutique.
 35549 | Orc:2    | Found Piklem's Antique Weapon Boutique.
 36402 | D:12     | Found a shattered altar of Ashenzari.
 37676 | D:13     | Got a twisted robe
 38567 | D:13     | Found Neimuwih's Armour Emporium.
 38572 | D:13     | Bought the +0 cloak of Marbles {rElec rPois rF- MR+} for
                  | 383 gold pieces
 38572 | D:13     | Bought a +0 pair of boots of flying for 207 gold pieces
 40226 | D:14     | Mangled by an orc knight

Levels and vault maps discovered:
D:1:      kb_arrival_jail, layout_rooms
D:2:      layout_loops_ring, first_ration, fedhas_altar_fruit_tree, uniq_natasha
D:3:      layout_basic, yredelemnul_altar_generic, serial_forest,
          infiniplex_forest_lined_corner, infiniplex_forest_clump_C,
          infiniplex_forest_clump_medium, infiniplex_forest_corner_1,
          infiniplex_forest_lined_corner, gup_sewer_entry_spiral,
          kennysheep_generic_room_4
D:4:      layout_gridville
D:5:      layout_basic, basic_altar
D:6:      layout_cave_pools, gammafunk_ghost_grave
D:7:      layout_cave_pools, minmay_temple_entry_oklob, uniq_menkaure
D:8:      layout_gridville, ebering_ghost_disaster_area,
          hangedman_pestilent_swarm, bh_walls_and_bars
D:9:      layout_irregular_city, uniq_psyche, uniq_erica
D:10:     layout_long_grid, minmay_lair_entry_grove
D:11:     layout_rooms, zombieorc1_lemuel, enter_bailey_2, uniq_grum,
          uniq_josephine
D:12:     layout_basic, evilmike_ruin_ashenzari
D:13:     layout_basic, serial_shops, shop
D:14:     layout_loops_ring, lightli_vaults_fourway_checkpoint
Lair:1:   layout_gridlike, lemuel_oklob_altar
Lair:2:   lemuel_slime, layout_gridlike, st_stairs_11,
          nicolae_quartered_pool_little
Lair:3:   layout_roguey, minmay_snake_entry_guardpost_medium, minmay_holes
Lair:4:   layout_roguey [special_room_bee], swamp_mist_pool, uniq_kirke
Lair:5:   layout_regular_city
Lair:6:   evilmike_catoblepas_cave, layout_small_grid,
          nicolae_slime_entry_slimehenge, uniq_urug
Orc:1:    layout_caves, statue_in_the_mist_lemuel
Orc:2:    grunt_orc_cross, layout_caves, mines1_david, uniq_maurice

Skill      XL: |  1  2  3  4  5  6  7  8  9 10 11 12 13 14 15 16 |
---------------+-------------------------------------------------+-----
Axes           | 3 4 5 6 7 9 11 12 13 14 15 16 | 16.8
Invocations    | 3 4 5 6 8 9 10 12 13 14 | 14.5
Fighting       | 4 5 6 7 9 10 11 12 13 | 13.7
Armour         | 3 8 |  8.5
Evocations     | 3 5 |  5.0
Dodging        | 2 3 5 |  5.0
Shields        | 3 4 6 8 |  8.3

Action                   |  1- 3 |  4- 6 |  7- 9 | 10-12 | 13-15 | 16-18 || total
-------------------------+-------+-------+-------+-------+-------+-------++-------
Melee: Hand axe          |    56 |   150 |       |       |       |       ||   206
       War axe           |       |   112 |   278 |   701 |   138 |    14 ||  1243
       Battleaxe         |       |       |       |       |   928 |   481 ||  1409
       Unarmed           |       |       |       |       |    17 |       ||    17
Invok: Depart the Abyss  |     1 |       |       |       |       |       ||     1
       Banish            |       |       |     6 |    15 |    27 |     3 ||    51
       Bend Space        |       |       |       |     1 |       |       ||     1
 Abil: Shaft Self        |       |       |       |       |     1 |       ||     1
       Dig               |       |       |       |       |     4 |       ||     4
Evoke: Wand              |       |       |       |     1 |     9 |    21 ||    31
  Use: Scroll            |       |     8 |     4 |     9 |     8 |     4 ||    33
       Potion            |       |       |     1 |     3 |     4 |     1 ||     9
 Stab: Confused          |       |       |       |       |     2 |       ||     2
       Petrifying        |       |       |       |       |     2 |       ||     2
  Eat: Chunk             |       |    15 |    24 |    50 |    60 |    19 ||   168
       Ration            |       |       |     1 |     4 |       |       ||     5
Armor: Leather armour    |    16 |    59 |       |       |       |       ||    75
       Scale mail        |       |    16 |     6 |       |       |       ||    22
       Plate armour      |       |       |   234 |   564 |   675 |   236 ||  1709
Dodge: Dodged            |    24 |   149 |   102 |   234 |   302 |   122 ||   933
Block: Shield            |       |       |       |       |   491 |   209 ||   700

Table legend:
 A = Non-vault XP
 B = Vault XP
 C = Vault XP percentage of total XP
 D = Non-vault monster count
 E = Vault monster count
 F = Vault count percentage of total count
                 A         B        C        D         E       F
            +---------+---------+-------+---------+---------+-------
      Total |   68758 |   40045 |  36.8 |     535 |     195 |  26.7
            +---------+---------+-------+---------+---------+-------
        D:1 |      34 |       0 |   0.0 |      23 |       0 |   0.0
        D:2 |     184 |      35 |  16.0 |      19 |       1 |   5.0
        D:3 |     178 |      49 |  21.6 |      39 |       6 |  13.3
        D:4 |     187 |       0 |   0.0 |      17 |       0 |   0.0
        D:5 |     563 |       0 |   0.0 |      27 |       0 |   0.0
        D:6 |    1050 |       0 |   0.0 |      25 |       0 |   0.0
        D:7 |    1230 |     172 |  12.3 |      29 |       1 |   3.3
        D:8 |     998 |     830 |  45.4 |      11 |       4 |  26.7
        D:9 |    1433 |    1362 |  48.7 |      22 |       2 |   8.3
       D:10 |    1835 |    2338 |  56.0 |      24 |      14 |  36.8
       D:11 |    2881 |    2229 |  43.6 |      33 |      35 |  51.5
       D:12 |    7898 |       0 |   0.0 |      50 |       0 |   0.0
       D:13 |    7795 |       0 |   0.0 |      31 |       0 |   0.0
       D:14 |    5057 |    5431 |  51.8 |      12 |       9 |  42.9
     Lair:1 |    7231 |       0 |   0.0 |      29 |       0 |   0.0
     Lair:2 |    1158 |     718 |  38.3 |       6 |      18 |  75.0
     Lair:3 |    6114 |    1190 |  16.3 |      27 |       7 |  20.6
     Lair:4 |    7194 |    5308 |  42.5 |      26 |      30 |  53.6
     Lair:5 |    4672 |       0 |   0.0 |      20 |       0 |   0.0
     Lair:6 |    2109 |   12231 |  85.3 |       6 |      28 |  82.4
      Orc:1 |    3540 |    1176 |  24.9 |      14 |       6 |  30.0
      Orc:2 |    5417 |    6976 |  56.3 |      45 |      34 |  43.0
            +---------+---------+-------+---------+---------+-------
